 Dungeon Crawl Stone Soup version 0.30.0-29-ga12c61a403 (webtiles) character file.

Game seed: 14014782367986898683

58 Sabo the Gusty (level 3, -3/26 HPs)
             Began as a Draconian Air Elementalist on June 13, 2023.
             Killed from afar by Terence (9 damage)
             ... with a puff of flame
             ... on level 3 of the Dungeon.
             The game lasted 00:08:42 (1785 turns).

Sabo the Gusty (Draconian Air Elementalist)         Turns: 1785, Time: 00:08:42

Health: -3/26      AC:  5    Str: 10    XL:     3   Next: 75%
Magic:  1/6        EV: 12    Int: 17    God:
Gold:   99         SH:  0    Dex: 11    Spells: 5/6 levels left

rFire   . . .        f - +1 mace
rCold   . . .        (no shield)
rNeg    . . .        (body armour unavailable)
rPois   .            (helmet restricted)
rElec   .            (no cloak)
rCorr   .            (no gloves)
SInv    .            (no boots)
Will    .....        (no amulet)
Stlth   ++           (no ring)
HPRegen 0.24/turn    (no ring)
MPRegen 0.10/turn

%: no passive effects
@: no status effects
A: AC +5, unfitting armour, cold-blooded
a: no special abilities


You were on level 3 of the Dungeon.
You visited 1 branch of the dungeon, and saw 3 of its levels.

You collected 99 gold pieces.

Inventory:

Hand Weapons
 b - a +0 dagger
 c - a +0 sling
 f - a +1 mace (weapon)
Missiles
 g - 3 javelins
Scrolls
 d - 3 scrolls of teleportation {unknown}
 e - a scroll of poison
 h - 2 scrolls of enchant weapon
 i - a scroll of magic mapping {unknown}
 k - a scroll of fog {unknown}
Potions
 a - a potion of magic
 j - a potion of haste {unknown}


   Skills:
 + Level 0.2 Fighting
 + Level 0.3 Maces & Flails
 + Level 2.2 Dodging
 + Level 2.1 Stealth
 + Level 0.2 Unarmed Combat
 + Level 2.4 Spellcasting
 + Level 1.3 Conjurations
 + Level 3.6 Air Magic


You had 5 spell levels left.
You knew the following spells:

 Your Spells              Type           Power      Damage    Failure   Level
a - Shock                 Conj/Air       40%        1d5       7%          1

Your spell library contained the following spells:

 Spells                   Type           Power      Damage    Failure   Level
 Static Discharge         Conj/Air       20%        2-3/arc   10%         2
 Swiftness                Air            14%        N/A       12%         3
 Airstrike                Air            7%         2d(1-17)  38%         4
 Ozocubu's Armour         Ice            2%         N/A       50%         3
 Metabolic Englaciation   Hex/Ice        1%         N/A       99%         5
 Simulacrum               Ice/Necr       1%         N/A       100%        6


Dungeon Overview and Level Annotations

Branches:
Dungeon (3/15)

Altars:

Annotations:
D:3 Terence


Innate Abilities, Weirdness & Mutations

Your plain brown scales are hard. (AC +5)
You cannot fit into any form of body armour.
You are cold-blooded and may be slowed by cold attacks.


Message History

Casting: Shock (safe; 7% risk of failure)
Confirm with . or Enter, or press ? or * to list all spells.
Aiming: Shock (safe; 7% risk of failure)
Press: ? - help, Shift-Dir - straight line, f/p - kobold
Aim: a kobold, wielding a +0 club and quivering stones (severely wounded, 60% to hit)
The zap misses the kobold.
The zap misses Terence.
The kobold hits you with a +0 club.
Casting: Shock (safe; 7% risk of failure)
Confirm with . or Enter, or press ? or * to list all spells.
Aiming: Shock (safe; 7% risk of failure)
Press: ? - help, Shift-Dir - straight line, f/p - kobold
Aim: a kobold, wielding a +0 club and quivering stones (severely wounded, 60% to hit)
The zap hits the kobold.
You kill the kobold!
The zap hits Terence.
Terence is moderately wounded.
Terence zaps a wand.
The puff of flame hits you.
Terence zaps a wand.
The puff of flame misses you.
Items here: ( ))) [ ††.
You hit Terence.
You tail-slap Terence, but do no damage.
Terence is heavily wounded.
Terence misses you.
You hit Terence.
Terence is heavily wounded.
Terence zaps a wand.
The puff of flame misses you. Terence hits you with a +0 flail.
Your magical contamination has completely faded away.
You hit Terence. You tail-slap Terence.
Terence is heavily wounded.
Terence barely misses you.
You hit Terence.
Terence is severely wounded.
Terence misses you.
You barely miss Terence.
Terence is severely wounded.
Terence zaps a wand.
The puff of flame hits you!
* * * LOW HITPOINT WARNING * * *
Terence zaps a wand.
The puff of flame hits you!
You die...

.# #...# ##.##.... .#
#...# #........
.######...##### #.......#
.##...........###.......#
...............##......(.
###............##.......#
#####...####.##.......#
#...# #.##)......# #...#
#.)@@...##.# #...#
####.#!## ##.## #.#.# #.#
#.. . #.# ###.## .# . ##


You could see Terence.

Vanquished Creatures
  An adder (D:2)
  A worm (D:2)
  A dart slug (D:2)
  4 orcs (D:3)
  2 bats (D:2)
  5 endoplasms
  2 giant cockroaches
  4 goblins
  3 hobgoblins
  4 jackals (D:1)
  3 kobolds
  2 frilled lizards (D:2)
  2 rats
34 creatures vanquished.

Notes
Turn   | Place    | Note
-------+----------+-------------------------------------------
     0 | D:1      | Sabo the Draconian Air Elementalist began the quest for the
                  | Orb.
     0 | D:1      | Reached XP level 1. HP: 14/14 MP: 3/3
   154 | D:1      | Reached XP level 2. HP: 16/20 MP: 0/5
   389 | D:1      | You fall into a shaft and drop 1 floor!
   749 | D:2      | Reached XP level 3. HP: 26/26 MP: 2/6
  1709 | D:3      | Noticed Terence
  1785 | D:3      | Killed from afar by Terence

Illustrated notes

Levels and vault maps discovered:
D:1:      dpeg_arrival_boxes_within_box, layout_loops_ring, minmay_fountain_box
D:2:      layout_rooms
D:3:      layout_loops_cross, kennysheep_vampire_church, serial_shops, shop,
          minmay_divided_ellipse, uniq_terence, uniq_ijyb

Skill      XL: |  1  2 |
---------------+-------+-----
Dodging        | 2 |  2.2
Stealth        | 2 |  2.1
Fighting       | |  0.2
Maces & Flails | |  0.3
Unarmed Combat | |  0.2
Spellcasting   | |  2.4
Conjurations   | |  1.3
Air Magic      | |  3.6

Action                     || total
---------------------------++-------
  Melee: Unarmed           ||    16
         Dagger            ||     6
         Tailslap          ||     7
         Mace              ||    24
   Cast: Shock             ||    61
    Use: Scroll            ||     3
 Armour: Skin              ||    22
  Dodge: Dodged            ||    39
